 Dungeon Crawl Stone Soup version 0.30.0-29-ga12c61a403 (webtiles) character file.

Game seed: 2704468635841093548

2803 safid the Frost Mage (level 9, -3/69 (74) HPs)
             Began as a Merfolk Ice Elementalist on June 23, 2023.
             Was a Follower of Vehumet.
             Slain by a wight
             ... wielding a +4 spear of freezing
              (5 damage)
             ... on level 7 of the Dungeon.
             The game lasted 00:26:37 (8842 turns).

safid the Frost Mage (Merfolk Ice Elementalist)     Turns: 8842, Time: 00:26:38

HP:   -3/69 (74)    AC: 12    Str:  9    XL:     9   Next: 71%
MP:   19/28         EV: 13    Int: 18    God:    Vehumet [*.....]
Gold: 429           SH:  0    Dex: 14    Spells: 15/22 levels left

rFire   . . .        r - +2 morningstar (heavy)
rCold   . . .        (no shield)
rNeg    . . .        a - +0 robe
rPois   .            i - +1 hat
rElec   .            s - +0 cloak
rCorr   .            (no gloves)
SInv    .            (no boots)
Will    +....        (no amulet)
Stlth   ++           h - ring of willpower
HPRegen 0.31/turn    C - ring of magical power
MPRegen 0.21/turn

%: no passive effects
@: ice-armoured, freezing walls, drained
A: (nimble swimmer 2), mertail
a: Renounce Religion


You were on level 7 of the Dungeon.
You worshipped Vehumet.
Vehumet was aware of your devotion.
You visited 2 branches of the dungeon, and saw 8 of its levels.
You also visited: Ossuary.

You collected 429 gold pieces.

Inventory:

Hand Weapons
 c - a +0 dagger
 r - a +2 heavy morningstar (weapon)
Armour
 a - a +0 robe (worn)
 i - a +1 hat (worn)
 s - a +0 cloak (worn)
 t - a +0 helmet
Jewellery
 h - a ring of willpower (left hand)
 m - a ring of resist corrosion
 C - a ring of magical power (right hand)
Wands
 j - a wand of roots (2)
 o - a wand of polymorph (11)
Scrolls
 b - 7 scrolls of fog
 g - 2 scrolls of teleportation
 l - 2 scrolls of magic mapping
 n - 2 scrolls of enchant armour
 y - a scroll of fear
Potions
 d - 8 potions of curing
 e - a potion of brilliance
 f - 2 potions of lignification
 k - 2 potions of haste
 p - a potion of cancellation
 q - a potion of ambrosia
 w - a potion of heal wounds
 x - a potion of magic
 z - a potion of might
 A - a potion of flight
 B - a potion of invisibility


   Skills:
 + Level 8.1 Fighting
 + Level 3.1 Dodging
 - Level 2.1 Stealth
 + Level 7.1 Spellcasting
 + Level 9.4 Ice Magic


You had 15 spell levels left.
You knew the following spells:

 Your Spells              Type           Power      Damage    Failure   Level
a - Freeze                Ice            100%       1d10      1%          1
b - Frozen Ramparts       Ice            80%        1d13      1%          3
c - Ozocubu's Armour      Ice            40%        N/A       1%          3

Your spell library contained the following spells:

 Spells                   Type           Power      Damage    Failure   Level
 Kiss of Death            Conj/Necr      24%        2d7       11%         1
 Hailstorm                Conj/Ice       23%        3d7       4%          3
 Magic Dart               Conj           24%        1d4       11%         1
 Call Imp                 Summ           12%        N/A       16%         2
 Lesser Beckoning         Tloc           12%        N/A       16%         2
 Searing Ray              Conj           12%        2d4       16%         2
 Wereblood                Tmut           6%         N/A       16%         2
 Ice Form                 Ice/Tmut       23%        N/A       16%         4
 Summon Ice Beast         Ice/Summ       23%        N/A       16%         4
 Gell's Gravitas          Tloc           6%         N/A       32%         3
 Mephitic Cloud           Conj/Pois/Air  6%         N/A       32%         3
 Teleport Other           Tloc           6%         N/A       32%         3
 Fulminant Prism          Conj/Hex       3%         3d5       71%         4
 Simulacrum               Ice/Necr       11%        N/A       94%         6


Dungeon Overview and Level Annotations

Branches:
Dungeon (7/15)             Temple (1/1) D:4         Ossuary (visited)

Altars:
Ashenzari
Cheibriados
Dithmenos
Elyvilon
Fedhas
Gozag
Hepliaklqana
Makhleb
Nemelex Xobeh
Okawaru
Qazlal
Ru
Sif Muna
Trog
Uskayaw
Vehumet
Xom
Yredelemnul
Zin

Shops:
D:5 !

Annotations:
D:3 3 runed translucent doors, 7w4c's ghost, amateur MfCj; Crazy Yiuf
D:6 Blork the orc


Innate Abilities, Weirdness & Mutations

((You are very nimble when in or above water. (Stealth+, EV+, Speed+++)))
Your lower body shifts to a powerful aquatic tail in water.


Message History

The wight freezes you.
Unknown command.
Your icy armour will break if you move.
Continue?
Your icy armour cracks and falls away as you move.
The wight closely misses you.
Items here: )) ? [[.
Casting: Frozen Ramparts (safe; 1% risk of failure)
Confirm with . or Enter, or press ? or * to list all spells.
A film of ice covers your body!
The wight hits you with a +4 spear of freezing.
* * * LOW HITPOINT WARNING * * *
You feel drained.
* * * LOW HITPOINT WARNING * * *
The wight freezes you.
* * * LOW HITPOINT WARNING * * *
The wight hits you with a +4 spear of freezing.
* * * LOW HITPOINT WARNING * * *
The wight freezes you.
* * * LOW HITPOINT WARNING * * *
Unknown command.
Casting: Ozocubu's Armour (safe; 1% risk of failure)
Confirm with . or Enter, or press ? or * to list all spells.
Casting: Frozen Ramparts (safe; 1% risk of failure)
Press: ? - help, Dir - look around, f - activate The walls around you are covered in ice.
The wight resists.
The wall freezes the wight.
The wight closely misses you.
Unknown command.
You hit the wight.
The wight is heavily damaged.
The wight resists.
The wall freezes the wight.
The wight hits you with a +4 spear of freezing.
* * * LOW HITPOINT WARNING * * *
The wight freezes you.
* * * LOW HITPOINT WARNING * * *
The wight completely resists.
The wall freezes the wight but does no damage.
The wight hits you with a +4 spear of freezing!
* * * LOW HITPOINT WARNING * * *
The wight freezes you.
You die...

### ########.# #........#
###......### ##.....#...##
### ###@z.........#
###..####..##.........##
##......#..####.........##
#........### ##.........## #
#........# ##.........###
#........# ##.....#..##.
#........####### ##..........
#.......###....#####.........
##....#.##.......####........


You could see a wight.

Vanquished Creatures
  Maggie (D:6)
  Sigmund (D:2)
  A steam dragon (D:4)
  2 water moccasins
  An orc warrior (D:7)
  An ice beast (D:5)
  A black bear (D:5)
  3 ogres
  A centaur (D:5)
  A bullfrog (D:7)
  A gnoll sergeant (D:6)
  5 scorpions
  2 wights (D:7)
  An electric eel (D:6)
  A centaur zombie (Ossuary)
  A hound (D:7)
  2 human zombies (Ossuary)
  An orc priest (D:6)
  3 jellies
  2 iguanas
  2 sleepcaps
  Natasha (twice) (D:2)
  4 orc wizards
  5 mummies (Ossuary)
  Robin (D:4)
  4 gnolls
  10 adders
  A white imp (D:4)
  2 worms
  4 dart slugs
  12 orcs
  5 ball pythons
  4 endoplasms
  4 giant cockroaches
  16 goblins
  7 hobgoblins
  6 jackals
  6 quokkas
  7 bats
  3 frilled lizards
  A gnoll zombie (Ossuary)
  A hobgoblin zombie (Ossuary)
  11 kobolds
  2 kobold zombies (Ossuary)
  An orc zombie (Ossuary)
  2 rats
155 creatures vanquished.

Notes
Turn   | Place    | Note
-------+----------+-------------------------------------------
     0 | D:1      | safid the Merfolk Ice Elementalist began the quest for the
                  | Orb.
     0 | D:1      | Reached XP level 1. HP: 13/13 MP: 3/3
   159 | D:1      | Reached XP level 2. HP: 7/20 MP: 1/5
   290 | D:1      | Reached skill level 1 in Fighting
   550 | D:1      | Reached XP level 3. HP: 25/26 MP: 4/6
  1111 | D:2      | Noticed Sigmund
  1122 | D:1      | Learned a level 3 spell: Frozen Ramparts
  1126 | D:1      | Learned a level 3 spell: Ozocubu's Armour
  1300 | D:2      | Killed Sigmund
  1301 | D:2      | Reached skill level 5 in Ice Magic
  1301 | D:2      | Reached XP level 4. HP: 33/35 MP: 0/9
  1301 | D:2      | Reached XP level 5. HP: 39/41 MP: 0/10
  1460 | D:2      | Noticed Natasha
  1473 | D:2      | Killed Natasha
  1559 | D:2      | Reached XP level 6. HP: 47/47 MP: 1/11
  1763 | D:2      | Noticed Natasha
  1775 | D:2      | Killed Natasha
  2324 | D:3      | Found a runed translucent door.
  2343 | D:3      | Noticed 7w4c's ghost (amateur MfCj)
  2368 | D:3      | Found a runed translucent door.
  2566 | D:3      | Found a runed translucent door.
  2567 | D:3      | Noticed Crazy Yiuf
  2876 | D:4      | Found a snail-covered altar of Cheibriados.
  2923 | D:4      | Reached skill level 6 in Ice Magic
  3292 | D:4      | Noticed a water moccasin
  3344 | D:4      | Killed a water moccasin
  3345 | D:4      | Reached XP level 7. HP: 17/55 MP: 1/13
  3383 | D:4      | Noticed Robin
  3395 | D:4      | Killed Robin
  4161 | D:4      | Reached skill level 5 in Fighting
  4243 | D:4      | Found a staircase to the Ecumenical Temple.
  4243 | D:4      | Noticed a steam dragon
  4253 | D:4      | Killed a steam dragon
  4254 | D:4      | Reached skill level 7 in Ice Magic
  4254 | D:4      | Reached XP level 8. HP: 18/62 MP: 4/15
  4259 | Temple   | Entered the Ecumenical Temple
  4411 | Temple   | Became a worshipper of Vehumet
  4554 | D:5      | Entered Level 5 of the Dungeon
  4578 | D:5      | Reached skill level 5 in Spellcasting
  4686 | D:5      | Found a sand-covered staircase.
  4695 | Ossuary  | Entered an ossuary
  5757 | D:5      | Found Meehanusm's Distillery.
  6573 | D:5      | Reached skill level 8 in Ice Magic
  6898 | D:6      | Found a blossoming altar of Fedhas.
  7173 | D:6      | Reached XP level 9. HP: 52/71 MP: 10/18
  7298 | D:6      | Found a white marble altar of Elyvilon.
  7353 | D:6      | Found a hazy altar of Hepliaklqana.
  7389 | D:6      | Noticed Maggie
  7400 | D:6      | Killed Maggie
  7555 | D:6      | Noticed Blork the orc
  8206 | D:7      | Found a bloodstained altar of Trog.
  8248 | D:7      | Found a shimmering blue altar of Sif Muna.
  8281 | D:7      | Got Sif Muna's Commentary on Shapes
  8296 | D:7      | Reached skill level 9 in Ice Magic
  8351 | D:7      | Reached * piety under Vehumet
  8351 | D:7      | Offered knowledge of Kiss of Death by Vehumet.
  8842 | D:7      | HP: 2/69 [wight/+4 spear of freezing (11)]
  8842 | D:7      | Slain by a wight

Illustrated notes

Levels and vault maps discovered:
D:1:      minmay_arrival_cross, layout_loops_ring
D:2:      layout_loops_ring, grunt_ministairs_11, minmay_strange_pillars,
          uniq_sigmund, uniq_terence, uniq_natasha
D:3:      layout_rooms, ebering_ghost_sewer_f, uniq_crazy_yiuf_cottage
D:4:      layout_basic, old_standard_altar, minmay_temple_entry_fiery,
          abandoned_shop, minmay_vboxes, uniq_robin
D:5:      layout_loops_ring, serial_shops, nicolae_shop_industrial_runoff,
          enter_ossuary_1
D:6:      layout_basic, mainiacjoe_overflow_catwalk, nicolae_overflow_squiral,
          dreamdust_wishing_well, uniq_maggie, uniq_blork_the_orc
D:7:      layout_cave_pods, nzn_overflow_gifts_of_might_and_magic,
          tgw_kikubaaqudgha, amethyst_overflow_temple_binary,
          uniq_prince_ribbit1, uniq_pikel
Temple:   cyrus_circular_temple

Skill      XL: |  1  2  3  4  5  6  7  8  9 |
---------------+----------------------------+-----
Fighting       | 1 3 4 5 6 8 |  8.1
Spellcasting   | 3 4 6 7 |  7.1
Ice Magic      | 5 6 7 8 9 |  9.4
Dodging        | 3 |  3.1
Stealth        | |  2.1

Action                     |  1- 3 |  4- 6 |  7- 9 || total
---------------------------+-------+-------+-------++-------
  Melee: Unarmed           |    13 |       |       ||    13
         Punch             |     1 |     2 |    10 ||    13
         Dagger            |    37 |    47 |   306 ||   390
         Morningstar       |       |       |    32 ||    32
   Cast: Freeze            |    37 |    49 |    44 ||   130
         Frozen Ramparts   |     1 |    10 |    52 ||    63
         Ozocubu's Armour  |     1 |     3 |    39 ||    43
    Use: Potion            |     1 |     1 |     6 ||     8
         Scroll            |       |       |    14 ||    14
   Stab: Sleeping          |     3 |     2 |       ||     5
 Armour: Robe              |    18 |    11 |   162 ||   191
  Dodge: Dodged            |    56 |    54 |   230 ||   340
